 Dungeon Crawl Stone Soup version 0.19.1-1-g22dce08 (webtiles) character file.

151 Peloso the Skirmisher (level 5, 0/46 HPs)
             Began as a Ghoul Fighter on Jan 6, 2017.
             Slain by a worm (8 damage)
             ... on level 3 of the Dungeon.
             The game lasted 00:04:25 (1494 turns).

Peloso the Skirmisher (Ghoul Fighter)               Turns: 1494, Time: 00:04:25

Health: 0/46       AC: 11    Str: 20    XL:     5   Next: 33%
Magic:  4/4        EV:  7    Int:  3    God:
Gold:   79         SH:  9    Dex:  9    Spells: 0 memorised, 4 levels left

rFire  . . .     SeeInvis .     a - +1 long sword
rCold  + . .     Gourm    .     b - +0 scale mail
rNeg   + + +     Faith    .     c - +0 shield
rPois  ∞         Spirit   .     o - +2 helmet
rElec  .         Reflect  .     (no cloak)
rCorr  .         Harm     .     j - +0 pair of gloves
MR     .....                    (no boots)
Stlth  ..........               (no amulet)
                                (no ring)
                                g - ring of flight

@: rotting
A: rotting body, claws 1, carnivore 3, cold resistance 1, negative energy
resistance 3, slow regeneration 1, torment resistance, unbreathing
a: Evoke Flight


You were on level 3 of the Dungeon.
You were not hungry.

You visited 1 branch of the dungeon, and saw 3 of its levels.

You collected 79 gold pieces.

Inventory:

Hand Weapons
 a - a +1 long sword (weapon)
Armour
 b - a +0 scale mail (worn)
 c - a +0 shield (worn)
 j - a +0 pair of gloves (worn)
 o - a +2 helmet (worn)
Jewellery
 g - a ring of flight (left hand)
Scrolls
 e - a scroll of enchant armour {unknown}
 h - a scroll of fog
 k - 2 scrolls of teleportation
Potions
 d - a potion of might
 i - a potion of flight
 m - 3 potions of curing
 n - 2 potions of heal wounds {unknown}
Comestibles
 f - a meat ration
 q - a beef jerky
 s - 2 chunks of flesh


   Skills:
 + Level 4.1 Fighting
 + Level 3.2 Long Blades
 + Level 3.4 Armour
 + Level 0.5 Dodging
 + Level 3.1 Shields


You had 4 spell levels left.
You didn't know any spells.

Dungeon Overview and Level Annotations

Branches:
Dungeon (3/15)

Altars:

Annotations:
D:3 Ijyb


Innate Abilities, Weirdness & Mutations

Your body is rotting away.
You thrive on raw meat.
You are immune to poison.
You have sharp fingernails.
You are carnivorous and can eat meat at any time.
Your flesh is cold resistant. (rC+)
You are immune to negative energy. (rN+++)
You regenerate slowly when monsters are visible.
You are immune to unholy pain and torment.
You can survive without breathing.


Message History

A worm comes into view.
You hit Ijyb.
Ijyb is moderately wounded.
Ijyb hits you.
You closely miss Ijyb.
Ijyb is moderately wounded.
You block Ijyb's attack.
Ijyb zaps a wand.
The puff of flame hits you!
You hit Ijyb.
Ijyb is moderately wounded.
Ijyb zaps a wand.
The puff of flame hits you!
* * * LOW HITPOINT WARNING * * *
You hit Ijyb.
Ijyb is heavily wounded.
Ijyb screams, "Get away!"
Ijyb hits you.
* * * LOW HITPOINT WARNING * * *
You barely miss Ijyb.
Ijyb is heavily wounded.
Ijyb zaps a wand.
The puff of flame hits you! The worm bites you!
You die...

##########
#########......... #.#.
#.................
#.r..#@#######.#####...
#..rgw.######.# ##.#
..<..........##.# #.#
###......###..).# #.#
##.....# ###### #..
#.....# #.† #....## #..
#$...# ##. ##..# #.


You could see Ijyb, a worm and a rat.

Vanquished Creatures
  A bullfrog (D:3)
  An adder (D:3)
  An ooze (D:1)
  A worm (D:2)
  A dart slug (D:2)
  6 leopard geckos
  A ball python (D:1)
  4 giant cockroaches
  5 goblins
  4 hobgoblins (D:1)
  11 jackals
  A quokka (D:2)
  3 bats
  2 frilled lizards
  5 kobolds
  6 rats
53 creatures vanquished.

Notes
Turn   | Place    | Note
-------+----------+-------------------------------------------
     0 | D:1      | Peloso the Ghoul Fighter began the quest for the Orb.
     0 | D:1      | Reached XP level 1. HP: 19/19 MP: 0/0
     0 | D:1      | Noticed a felid
     3 | D:1      | Noticed a vine stalker
     3 | D:1      | Noticed a centaur
     5 | D:1      | Noticed an octopode
     6 | D:1      | Noticed a gargoyle
     7 | D:1      | Noticed a troll
     8 | D:1      | Noticed an ogre
    10 | D:1      | Noticed an ogre
    10 | D:1      | Noticed a centaur
    12 | D:1      | Noticed an ogre
    12 | D:1      | Noticed a naga
    13 | D:1      | Noticed an elf
    14 | D:1      | Noticed a human
    16 | D:1      | Noticed an octopode
    18 | D:1      | Noticed a ghoul
    18 | D:1      | Noticed a draconian
    20 | D:1      | Noticed a felid
    48 | D:1      | Reached XP level 2. HP: 23/26 MP: 1/1
   419 | D:1      | Reached XP level 3. HP: 25/31 MP: 2/2
  1000 | D:2      | Reached XP level 4. HP: 38/40 MP: 3/3
  1395 | D:3      | Noticed a bullfrog
  1409 | D:3      | Killed a bullfrog
  1409 | D:3      | Reached skill level 4 in Fighting
  1409 | D:3      | Reached XP level 5. HP: 29/46 MP: 4/4
  1481 | D:3      | Noticed Ijyb
  1494 | D:3      | Slain by a worm

Skill      XL: |  1  2  3  4 |
---------------+-------------+-----
Shields        | 3 |  3.1
Armour         | 3 |  3.4
Long Blades    | 2 3 |  3.2
Fighting       | 4 |  4.1
Dodging        | |  0.5

Action                   |  1- 3 |  4- 6 || total
-------------------------+-------+-------++-------
Melee: Long sword        |   158 |    56 ||   214
  Use: Scroll            |     2 |     6 ||     8
  Eat: Chunk             |     1 |     2 ||     3
Armor: Scale mail        |    76 |    26 ||   102
Dodge: Dodged            |    53 |    14 ||    67
Block: Shield            |    92 |    31 ||   123
       Rpst.: Long sword |    20 |     5 ||    25
